Panthers vs Sharks

Created - March 20, 2020 at 19:48

Goals
1 2 3 T
Panthers 2 1 2 5
Sharks 0 0 1 1
Shots
1 2 3 T
Panthers 13 4 15 32
Sharks 5 3 15 23

1st period

1. Panthers , Marek Svatos 16 (Alex Galchenyuk 33, Matt Duchene 47) at 9:54
2. Panthers , Travis Zajac 22 (Taylor Chorney 19, Erik Gudbranson 25) at 13:46 (PP)

Penalties :
Marek Svatos (Flo) for Unsportsmanlike conduct (Minor) at 4:19, Ryan Miller (SJS) for Delaying the game (Minor) at 12:23 - Mike Cammalleri served the penalty

2nd period

3. Panthers , Alex Galchenyuk 33 (Linus Omark 11) at 12:02 (SH)

Penalties :
Matt Duchene (Flo) for High sticking (Minor) at 10:27, Matt Duchene (Flo) for Cross-checking (Minor) at 0:00

3rd period

4. Panthers , Matt Irwin 2 (Drew Stafford 28, Steve Montador 10) at 2:42
5. Sharks , T.J. Hensick 12 (Mike Cammalleri 17) at 3:15
6. Panthers , Alex Galchenyuk 34 (Matt Duchene 48, Marek Svatos 27) at 15:40 (PP)

Penalties :
Stephen Weiss (Flo) for Hooking (Minor) at 4:11, Drew Stafford (Flo) for Hooking (Minor) at 12:47, T.J. Hensick (SJS) for Slashing (Minor) at 15:24, Martins Karsums (SJS) for Hooking (Minor) at 16:22

Goalie Stats

Braden Holtby (Flo), 22 saves from 23 shots - (0.957), W, 6-9-3, 60:00 minutes
Anders Nilsson (SJS), 13 saves from 14 shots - (0.929), 17:18 minutes
Ryan Miller (SJS), 14 saves from 18 shots - (0.778), L, 24-21-6, 42:42 minutes

Players Stats for Panthers

Player Name              G  A  P  +/- PIM S  H  SB GA TA FO     MP     PP MP  PK MP  
------------------------------------------------------------------------------------
Alex Galchenyuk          2  1  3   2  0   4  2  0  2  0  0/1    18:40   2:34   0:57 
Brandon Gormley          0  0  0   1  0   0  0  0  0  0  0/0    14:58   0:52   0:32 
Chad Larose              0  0  0  -1  0   2  0  0  0  0  0/0    19:52   1:04   6:15 
Daniel Paille            0  0  0   0  0   0  0  0  0  0  0/0     8:32   0:00   0:00 
David Booth              0  0  0  -1  0   2  1  0  0  0  0/0    13:28   1:04   0:00 
Drew Stafford            0  1  1   1  2   0  0  0  0  0  0/0    12:15   0:00   2:04 
Erik Gudbranson          0  1  1   0  0   1  3  5  1  0  0/0    27:48   2:46   6:08 
Jonathan Sigalet         0  0  0   2  0   2  1  0  0  0  0/0    22:47   0:52   3:16 
Kyle Wellwood            0  0  0   0  0   1  0  1  1  0  4/4    11:24   0:00   2:29 
Linus Omark              0  1  1   2  0   2  0  1  0  0  0/0    11:32   0:00   1:41 
Marek Svatos             1  1  2   1  2   2  1  1  1  0  0/2    17:43   2:34   0:00 
Matt Duchene             0  2  2   1  4   3  3  0  1  0  19/30  17:59   2:34   0:08 
Matt Irwin               1  0  1   0  0   4  0  0  0  0  0/0    13:33   0:00   0:00 
Patrick Eaves            0  0  0   0  0   1  1  0  1  0  0/1     8:32   0:00   0:00 
Stephen Weiss            0  0  0   1  2   5  0  0  0  0  2/6    10:08   0:00   0:00 
Steve Montador           0  1  1   1  0   1  1  1  0  0  0/0    17:14   0:00   3:16 
Taylor Chorney           0  1  1   0  0   1  1  2  0  0  0/0    23:40   2:46   6:40 
Travis Zajac             1  0  1  -1  0   1  0  3  3  0  9/16   19:55   1:04   6:18 

Players Stats for Sharks

Player Name              G  A  P  +/- PIM S  H  SB GA TA FO     MP     PP MP  PK MP  
------------------------------------------------------------------------------------
Adam Larsson             0  0  0  -2  0   0  0  1  0  0  0/0    11:20   0:00   0:00 
Andrej Sekera            0  0  0   1  0   1  1  1  0  0  0/0    24:18   6:06   1:54 
Bobby Butler             0  0  0  -1  0   1  3  0  0  0  0/1    13:14   0:18   0:00 
Brandon Dubinsky         0  0  0  -1  0   2  1  0  0  0  4/6    13:22   0:18   0:08 
David Rundblad           0  0  0  -2  0   2  0  0  0  0  0/0    11:20   0:00   0:00 
Dennis Wideman           0  0  0  -1  0   3  3  2  0  2  0/0    20:56   3:50   1:44 
Drew Doughty             0  0  0   1  0   3  2  1  0  2  0/0    27:44   6:06   1:54 
Jason Spezza             0  0  0   0  0   1  2  0  0  0  16/34  26:10   5:43   2:21 
Martins Karsums          0  0  0   0  2   4  1  0  0  1  0/1    19:55   5:43   0:00 
Mike Cammalleri          0  1  1  -1  0   1  2  0  0  0  0/0    18:48   3:55   0:46 
Milan Michalek           0  0  0   0  0   2  4  1  0  2  0/0    26:03   5:43   2:21 
Nikolai Kulemin          0  0  0   0  0   0  0  2  0  0  0/0     6:23   0:00   0:11 
Oskar Osala              0  0  0  -1  0   1  2  0  0  0  0/0    13:19   0:00   0:45 
Paul Ranger              0  0  0   0  0   1  0  0  0  0  0/0     3:26   0:00   0:00 
Stefan Ruzicka           0  0  0  -1  0   0  0  0  0  0  0/0    17:52   3:54   0:00 
T.J. Hensick             1  0  1  -1  2   1  2  0  0  0  6/18   18:36   3:55   0:44 
Tyler Cuma               0  0  0  -1  0   0  2  3  0  3  0/0    20:56   3:50   1:44 
Zach Boychuk             0  0  0   0  0   0  0  0  0  0  0/0     2:38   0:19   0:00 

3 Stars

1 - Alex Galchenyuk (Flo)
2 - Marek Svatos (Flo)
3 - Braden Holtby (Flo)

Power Play

Panthers - 2 on 3 Attempt(s) - 66.67%
Sharks - 0 on 5 Attempt(s) - 0.00%

Penalty Kill

Panthers - 5 on 5 Attempt(s) - 100.00% - Score 1 goal in Penalty Kill
Sharks - 1 on 3 Attempt(s) - 33.33% - Score 0 goal in Penalty Kill

Team Stat

Panthers - Hits : 14 - Faceoff Wins : 34 - Blocked Shots : 14 - Penalty Minutes : 10
Sharks - Hits : 25 - Faceoff Wins : 26 - Blocked Shots : 11 - Penalty Minutes : 6

Official

Referees : Unknown
Linesman : Unknown

Game Notes

Anders Nilsson enters game at 2:42 of 3rd period

Finance

Level 1 -- Attendance: 5006 (83.43%) -- Ticket Income $575,690
Level 2 -- Attendance: 3906 (78.12%) -- Ticket Income $292,950
Level 3 -- Attendance: 1504 (75.20%) -- Ticket Income $75,200
Level 4 -- Attendance: 3413 (85.33%) -- Ticket Income $102,390
Luxury Box -- Attendance: 751 (75.10%) -- Ticket Income $157,710
Game was played at the Hockey Place Center.
Total Attendance: 14580 (81.00%)
Total Ticket Income: $1,203,940
Other Income: $180,591
Total Income: $1,384,531

Panthers

5 vs 5 Forward 
   Center                   Left Wing                Right Wing               Time % Phy DF OF 
 1 Matt Duchene             Alex Galchenyuk          Marek Svatos             40     0   2  3  
 2 Travis Zajac             David Booth              Chad Larose              30     0   2  3  
 3 Stephen Weiss            Linus Omark              Drew Stafford            20     0   3  2  
 4 Kyle Wellwood            Daniel Paille            Patrick Eaves            10     1   2  2  

5 vs 5 Defense 
   Defense                  Defense                                           Time % Phy DF OF 
 1 Erik Gudbranson          Jonathan Sigalet                                  40     0   2  3  
 2 Taylor Chorney           Brandon Gormley                                   30     0   2  3  
 3 Steve Montador           Matt Irwin                                        20     0   3  2  
 4 Erik Gudbranson          Jonathan Sigalet                                  10     0   2  3  

PowerPlay Forward 
   Center                   Left Wing                Right Wing               Time % Phy DF OF 
 1 Matt Duchene             Alex Galchenyuk          Marek Svatos             60     0   1  4  
 2 Travis Zajac             David Booth              Chad Larose              40     0   1  4  

PowerPlay Defense
   Defense                  Defense                                           Time % Phy DF OF 
 1 Erik Gudbranson          Taylor Chorney                                    60     0   2  3  
 2 Jonathan Sigalet         Brandon Gormley                                   40     0   2  3  

Penalty Kill 4 Players Forward 
   Center                   Wing                     Time % Phy DF OF 
 1 Travis Zajac             Chad Larose              60     1   3  1  
 2 Kyle Wellwood            Drew Stafford            40     1   3  1  

Penalty Kill 4 Players Defense
   Defense                  Defense                  Time % Phy DF OF 
 1 Erik Gudbranson          Taylor Chorney           60     1   4  0  
 2 Jonathan Sigalet         Steve Montador           40     1   4  0  

Penalty Kill - 3 Players Forward 
   Forward                                           Time % Phy DF OF 
 1 Chad Larose                                       60     1   3  1  
 2 Drew Stafford                                     40     1   3  1  

Penalty Kill - 3 Players Defense
   Defense                  Defense                  Time % Phy DF OF 
 1 Erik Gudbranson          Taylor Chorney           60     1   4  0  
 2 Jonathan Sigalet         Steve Montador           40     1   4  0  

4 vs 4 Forward 
   Center                   Wing                     Time % Phy DF OF 
 1 Matt Duchene             Alex Galchenyuk          60     0   2  3  
 2 Travis Zajac             David Booth              40     0   2  3  

4 vs 4 Defense
   Defense                  Defense                  Time % Phy DF OF 
 1 Erik Gudbranson          Jonathan Sigalet         60     0   2  3  
 2 Taylor Chorney           Brandon Gormley          40     1   2  2  

Last Minutes Offensive
   Center                   Left Wing                Right Wing               Defense                  Defense                  
   Matt Duchene             Alex Galchenyuk          Marek Svatos             Erik Gudbranson          Jonathan Sigalet         

Last Minutes Defensive
   Center                   Left Wing                Right Wing               Defense                  Defense                  
   Travis Zajac             Linus Omark              Chad Larose              Erik Gudbranson          Taylor Chorney           

Goaltenders
Starting : Braden Holtby            
Backup : Petr Mrazek              

Extra Forwards
Normal : David Booth, Alex Galchenyuk, Matt Duchene - PP : David Booth, Alex Galchenyuk - PK : Linus Omark
Extra Defensemen
Normal : Brandon Gormley, Taylor Chorney, Erik Gudbranson - PP : Brandon Gormley - PK : Brandon Gormley, Taylor Chorney
Penalty Shots
Alex Galchenyuk, Kyle Wellwood, Daniel Paille, Travis Zajac, David Booth

Scratches
Christian Ehrhoff (Healthy), Lubomir Visnovsky (Healthy)

Sharks

5 vs 5 Forward 
   Center                   Left Wing                Right Wing               Time % Phy DF OF 
 1 Jason Spezza             Milan Michalek           Martins Karsums          40     1   2  2  
 2 T.J. Hensick             Mike Cammalleri          Stefan Ruzicka           30     1   2  2  
 3 Brandon Dubinsky         Oskar Osala              Bobby Butler             20     1   2  2  
 4 Jason Spezza             Nikolai Kulemin          Milan Michalek           10     1   2  2  

5 vs 5 Defense 
   Defense                  Defense                                           Time % Phy DF OF 
 1 Drew Doughty             Andrej Sekera                                     40     1   2  2  
 2 Dennis Wideman           Tyler Cuma                                        30     1   2  2  
 3 Adam Larsson             David Rundblad                                    20     1   2  2  
 4 Paul Ranger              Drew Doughty                                      10     1   2  2  

PowerPlay Forward 
   Center                   Left Wing                Right Wing               Time % Phy DF OF 
 1 Jason Spezza             Milan Michalek           Martins Karsums          60     1   2  2  
 2 T.J. Hensick             Mike Cammalleri          Stefan Ruzicka           40     1   2  2  

PowerPlay Defense
   Defense                  Defense                                           Time % Phy DF OF 
 1 Drew Doughty             Andrej Sekera                                     60     1   2  2  
 2 Dennis Wideman           Tyler Cuma                                        40     1   2  2  

Penalty Kill 4 Players Forward 
   Center                   Wing                     Time % Phy DF OF 
 1 Jason Spezza             Milan Michalek           60     1   2  2  
 2 Mike Cammalleri          T.J. Hensick             40     1   2  2  

Penalty Kill 4 Players Defense
   Defense                  Defense                  Time % Phy DF OF 
 1 Drew Doughty             Andrej Sekera            60     1   2  2  
 2 Dennis Wideman           Tyler Cuma               40     1   2  2  

Penalty Kill - 3 Players Forward 
   Forward                                           Time % Phy DF OF 
 1 Jason Spezza                                      60     1   2  2  
 2 Milan Michalek                                    40     1   2  2  

Penalty Kill - 3 Players Defense
   Defense                  Defense                  Time % Phy DF OF 
 1 Drew Doughty             Andrej Sekera            60     1   2  2  
 2 Dennis Wideman           Tyler Cuma               40     1   2  2  

4 vs 4 Forward 
   Center                   Wing                     Time % Phy DF OF 
 1 Jason Spezza             Milan Michalek           60     1   2  2  
 2 Mike Cammalleri          T.J. Hensick             40     1   2  2  

4 vs 4 Defense
   Defense                  Defense                  Time % Phy DF OF 
 1 Drew Doughty             Andrej Sekera            60     1   2  2  
 2 Dennis Wideman           Tyler Cuma               40     1   2  2  

Last Minutes Offensive
   Center                   Left Wing                Right Wing               Defense                  Defense                  
   Jason Spezza             Milan Michalek           Martins Karsums          Drew Doughty             Andrej Sekera            

Last Minutes Defensive
   Center                   Left Wing                Right Wing               Defense                  Defense                  
   Jason Spezza             Milan Michalek           Martins Karsums          Drew Doughty             Andrej Sekera            

Goaltenders
Starting : Ryan Miller              
Backup : Anders Nilsson           

Extra Forwards
Normal : Zach Boychuk, Brandon Dubinsky, Oskar Osala - PP : Zach Boychuk, Brandon Dubinsky - PK : Oskar Osala
Extra Defensemen
Normal : Adam Larsson, David Rundblad, Paul Ranger - PP : Adam Larsson - PK : David Rundblad, Paul Ranger
Penalty Shots
Jason Spezza, Milan Michalek, Mike Cammalleri, T.J. Hensick, Brandon Dubinsky

Scratches
Jerome Gauthier-Leduc (Healthy), Luke Adam (Healthy), Jiri Tlusty (Healthy)

% Time on Ice - Panthers

Lines # - Real PCT - Wanted PCT - Time Play
Normal Forward
1 - 33% - 40% - 15:18
2 - 28% - 30% - 12:47
3 - 21% - 20% - 9:49
4 - 18% - 10% - 8:32
Normal Defense
1 - 39% - 40% - 18:16
2 - 30% - 30% - 13:58
3 - 29% - 20% - 13:33
4 - 1% - 10% - 0:39
PP Forward
1 - 71% - 60% - 2:34
2 - 29% - 40% - 1:04
PP Defense
1 - 76% - 60% - 2:46
2 - 24% - 40% - 0:52
PK Forward
1 - 75% - 60% - 7:27
2 - 25% - 40% - 2:29
PK Defense
1 - 67% - 60% - 6:40
2 - 33% - 40% - 3:16
PK3 Forward
1 - 0% - 60%
2 - 0% - 40%
PK3 Defense
1 - 0% - 60%
2 - 0% - 40%
44 Forward
1 - 0% - 60%
2 - 0% - 40%
44 Defense
1 - 0% - 60%
2 - 0% - 40%
Last Minute Offensive  - 0:00
Last Minute Defensive  - 0:00
Total
Forward - 60:00
Defense - 60:00

% Time on Ice - Sharks

Lines # - Real PCT - Wanted PCT - Time Play
Normal Forward
1 - 30% - 40% - 13:52
2 - 30% - 30% - 13:58
3 - 27% - 20% - 12:34
4 - 13% - 10% - 6:02
Normal Defense
1 - 35% - 40% - 16:18
2 - 33% - 30% - 15:22
3 - 24% - 20% - 11:20
4 - 7% - 10% - 3:26
PP Forward
1 - 61% - 60% - 6:01
2 - 39% - 40% - 3:55
PP Defense
1 - 61% - 60% - 6:06
2 - 39% - 40% - 3:50
PK Forward
1 - 80% - 60% - 2:54
2 - 20% - 40% - 0:44
PK Defense
1 - 52% - 60% - 1:54
2 - 48% - 40% - 1:44
PK3 Forward
1 - 0% - 60%
2 - 0% - 40%
PK3 Defense
1 - 0% - 60%
2 - 0% - 40%
44 Forward
1 - 0% - 60%
2 - 0% - 40%
44 Defense
1 - 0% - 60%
2 - 0% - 40%
Last Minute Offensive  - 0:00
Last Minute Defensive  - 0:00
Total
Forward - 60:00
Defense - 60:00

Play-by-Play

1st period


0:01 of 1st period - Matt Duchene wins face-off versus Jason Spezza in neutral zone.
0:10 of 1st period - Snap shot by Alex Galchenyuk.
0:10 of 1st period - Shot Misses the Net.
0:12 of 1st period - Snap shot by Jonathan Sigalet.
0:12 of 1st period - Stopped by Ryan Miller without a rebound.
0:13 of 1st period - T.J. Hensick wins face-off versus Travis Zajac in Sharks zone.
1:36 of 1st period - Off-side.
1:37 of 1st period - Brandon Dubinsky wins face-off versus Travis Zajac in neutral zone.
1:40 of 1st period - Steve Montador is hit by Oskar Osala and loses puck.
2:05 of 1st period - Snap shot by Stefan Ruzicka.
2:05 of 1st period - Shot Blocked by Steve Montador.
2:19 of 1st period - Snap shot by Travis Zajac.
2:19 of 1st period - Shot Misses the Net.
2:21 of 1st period - Slapshot by Matt Irwin.
2:21 of 1st period - Stopped by Ryan Miller with a rebound.
2:23 of 1st period - Slapshot by Chad Larose.
2:23 of 1st period - Stopped by Ryan Miller with a rebound.
2:25 of 1st period - Wrist shot by Chad Larose.
2:25 of 1st period - Shot Misses the Net.
2:27 of 1st period - Slapshot by Matt Irwin.
2:27 of 1st period - Stopped by Ryan Miller without a rebound.
2:28 of 1st period - Matt Duchene wins face-off versus Martins Karsums in Sharks zone.
2:45 of 1st period - Wrist shot by Matt Duchene.
2:45 of 1st period - Shot Misses the Net.
3:01 of 1st period - Backhand shot by Drew Doughty.
3:01 of 1st period - Shot Misses the Net.
3:57 of 1st period - Snap shot by Drew Doughty.
3:57 of 1st period - Shot Misses the Net.
3:59 of 1st period - Wrist shot by Jason Spezza.
3:59 of 1st period - Deflect By Milan Michalek.
3:59 of 1st period - Shot Misses the Net.
3:59 of 1st period - Puck is out of play.
4:00 of 1st period - Brandon Dubinsky wins face-off versus Marek Svatos in Panthers zone.
4:03 of 1st period - Backhand shot by Oskar Osala.
4:03 of 1st period - Stopped by Braden Holtby without a rebound.
4:04 of 1st period - Matt Duchene wins face-off versus Brandon Dubinsky in Panthers zone.
4:13 of 1st period - Slapshot by Oskar Osala.
4:13 of 1st period - Shot Misses the Net.
4:15 of 1st period - Slapshot by Tyler Cuma.
4:15 of 1st period - Deflect By Brandon Dubinsky.
4:15 of 1st period - Shot Misses the Net.
4:15 of 1st period - Puck is out of play.
4:16 of 1st period - Matt Duchene wins face-off versus T.J. Hensick in Panthers zone.
4:16 of 1st period - Matt Duchene is hit by T.J. Hensick.
4:19 of 1st period - Minor Penalty to Marek Svatos for Unsportsmanlike conduct.
4:20 of 1st period - Travis Zajac wins face-off versus T.J. Hensick in Panthers zone.
6:14 of 1st period - Kyle Wellwood is hit by Bobby Butler and loses puck.
6:19 of 1st period - Penalty to Marek Svatos is over, Marek Svatos is back on ice.
6:19 of 1st period - Snap shot by Drew Doughty.
6:19 of 1st period - Shot Misses the Net.
6:21 of 1st period - Slapshot by David Rundblad.
6:21 of 1st period - Stopped by Braden Holtby without a rebound.
6:22 of 1st period - Brandon Dubinsky wins face-off versus Matt Duchene in Panthers zone.
8:08 of 1st period - Slapshot by Erik Gudbranson.
8:08 of 1st period - Deflect By Drew Stafford.
8:08 of 1st period - Shot Blocked by Dennis Wideman.
8:08 of 1st period - Puck is out of play.
8:09 of 1st period - Jason Spezza wins face-off versus Stephen Weiss in Sharks zone.
8:16 of 1st period - Slapshot by Jason Spezza.
8:16 of 1st period - Stopped by Braden Holtby with a rebound.
8:18 of 1st period - Slapshot by Tyler Cuma.
8:18 of 1st period - Shot Misses the Net.
8:40 of 1st period - Off-side.
8:41 of 1st period - Matt Duchene wins face-off versus Bobby Butler in neutral zone.
9:07 of 1st period - Chad Larose is hit by Milan Michalek and loses puck.
9:16 of 1st period - Slapshot by David Booth.
9:16 of 1st period - Shot Blocked by Drew Doughty.
9:42 of 1st period - Wrist shot by Milan Michalek.
9:42 of 1st period - Shot Misses the Net.
9:44 of 1st period - Snap shot by Drew Doughty.
9:44 of 1st period - Stopped by Braden Holtby without a rebound.
9:45 of 1st period - Matt Duchene wins face-off versus T.J. Hensick in Panthers zone.
9:54 of 1st period - Snap shot by Alex Galchenyuk.
9:54 of 1st period - Deflect By Marek Svatos.
9:54 of 1st period - Goal by Marek Svatos - Panthers : 1 - Sharks : 0.
9:55 of 1st period - T.J. Hensick wins face-off versus Matt Duchene in neutral zone.
10:02 of 1st period - Snap shot by Mike Cammalleri.
10:02 of 1st period - Shot Blocked by Erik Gudbranson.
10:06 of 1st period - Wrist shot by Stefan Ruzicka.
10:06 of 1st period - Shot Blocked by Erik Gudbranson.
10:08 of 1st period - Wrist shot by Stefan Ruzicka.
10:08 of 1st period - Shot Blocked by Erik Gudbranson.
10:10 of 1st period - Slapshot by Paul Ranger.
10:10 of 1st period - Deflect By Marek Svatos.
10:10 of 1st period - Stopped by Braden Holtby without a rebound.
10:11 of 1st period - Jason Spezza wins face-off versus Stephen Weiss in Panthers zone.
10:36 of 1st period - Drew Stafford is hit by Oskar Osala and loses puck.
10:47 of 1st period - Snap shot by Brandon Dubinsky.
10:47 of 1st period - Shot Misses the Net.
12:11 of 1st period - Icing by Steve Montador.
12:12 of 1st period - Travis Zajac wins face-off versus T.J. Hensick in Panthers zone.
12:23 of 1st period - Slapshot by Alex Galchenyuk.
12:23 of 1st period - Stopped by Ryan Miller without a rebound.
12:23 of 1st period - Minor Penalty to Ryan Miller for Delaying the game.
12:24 of 1st period - Matt Duchene wins face-off versus Jason Spezza in Sharks zone.
12:25 of 1st period - Wrist shot by Alex Galchenyuk.
12:25 of 1st period - Shot Misses the Net.
12:27 of 1st period - Slapshot by Taylor Chorney.
12:27 of 1st period - Shot Misses the Net.
12:29 of 1st period - Slapshot by Taylor Chorney.
12:29 of 1st period - Shot Misses the Net.
12:31 of 1st period - Backhand shot by Erik Gudbranson.
12:31 of 1st period - Deflect By Matt Duchene.
12:31 of 1st period - Shot Blocked by Milan Michalek.
12:31 of 1st period - Puck is out of play.
12:32 of 1st period - Jason Spezza wins face-off versus Matt Duchene in Sharks zone.
13:42 of 1st period - Slapshot by Taylor Chorney.
13:42 of 1st period - Stopped by Ryan Miller with a rebound.
13:44 of 1st period - Slapshot by Taylor Chorney.
13:44 of 1st period - Shot Blocked by Tyler Cuma.
13:46 of 1st period - Wrist shot by Travis Zajac.
13:46 of 1st period - Goal by Travis Zajac - Panthers : 2 - Sharks : 0.
13:47 of 1st period - Jason Spezza wins face-off versus Stephen Weiss in neutral zone.
14:00 of 1st period - Slapshot by Drew Doughty.
14:00 of 1st period - Shot Misses the Net.
14:02 of 1st period - Slapshot by Andrej Sekera.
14:02 of 1st period - Shot Blocked by Linus Omark.
14:34 of 1st period - Wrist shot by Brandon Dubinsky.
14:34 of 1st period - Shot Misses the Net.
14:58 of 1st period - Matt Duchene is hit by Milan Michalek and loses puck.
15:11 of 1st period - Wrist shot by Stephen Weiss.
15:11 of 1st period - Stopped by Ryan Miller with a rebound.
15:39 of 1st period - Jonathan Sigalet is hit by Bobby Butler and loses puck.
16:29 of 1st period - Slapshot by Stephen Weiss.
16:29 of 1st period - Stopped by Ryan Miller without a rebound.
16:30 of 1st period - Jason Spezza wins face-off versus Stephen Weiss in Sharks zone.
16:37 of 1st period - Snap shot by Jason Spezza.
16:37 of 1st period - Deflect By Nikolai Kulemin.
16:37 of 1st period - Shot Blocked by Taylor Chorney.
16:37 of 1st period - Puck is out of play.
16:38 of 1st period - Matt Duchene wins face-off versus T.J. Hensick in Panthers zone.
16:55 of 1st period - Snap shot by Matt Duchene.
16:55 of 1st period - Stopped by Ryan Miller with a rebound.
17:08 of 1st period - Icing by Drew Doughty.
17:09 of 1st period - Stephen Weiss wins face-off versus Jason Spezza in Sharks zone.
17:34 of 1st period - Tyler Cuma is hit by Jonathan Sigalet and loses puck.
18:20 of 1st period - Snap shot by Kyle Wellwood.
18:20 of 1st period - Stopped by Ryan Miller with a rebound.
18:36 of 1st period - Snap shot by Drew Stafford.
18:36 of 1st period - Shot Misses the Net.
19:26 of 1st period - Chad Larose is hit by Martins Karsums.
19:30 of 1st period - Jonathan Sigalet is hit by Jason Spezza and loses puck.
19:55 of 1st period - Snap shot by Chad Larose.
19:55 of 1st period - Stopped by Ryan Miller without a rebound.
19:56 of 1st period - T.J. Hensick wins face-off versus Matt Duchene in Sharks zone.
Goals for this period are 2 for Panthers vs 0 for Sharks.
Shots for this period are 13 for Panthers vs 5 for Sharks.

2nd period


0:01 of 2nd period - Matt Duchene wins face-off versus Jason Spezza in neutral zone.
0:36 of 2nd period - Tyler Cuma is hit by Erik Gudbranson and loses puck.
0:55 of 2nd period - Wrist shot by Stephen Weiss.
0:55 of 2nd period - Stopped by Ryan Miller without a rebound.
0:56 of 2nd period - Matt Duchene wins face-off versus Jason Spezza in Sharks zone.
1:23 of 2nd period - Wrist shot by T.J. Hensick.
1:23 of 2nd period - Shot Blocked by Taylor Chorney.
1:27 of 2nd period - Wrist shot by T.J. Hensick.
1:27 of 2nd period - Shot Misses the Net.
1:29 of 2nd period - Slapshot by David Rundblad.
1:29 of 2nd period - Stopped by Braden Holtby with a rebound.
1:42 of 2nd period - David Booth is hit by Bobby Butler and loses puck.
2:23 of 2nd period - Andrej Sekera is hit by Matt Duchene and loses puck.
3:27 of 2nd period - Snap shot by Patrick Eaves.
3:27 of 2nd period - Shot Misses the Net.
3:39 of 2nd period - Mike Cammalleri is hit by Alex Galchenyuk and loses puck.
3:48 of 2nd period - Stefan Ruzicka is hit by Matt Duchene and loses puck.
4:43 of 2nd period - Brandon Gormley is hit by Dennis Wideman and loses puck.
4:58 of 2nd period - Alex Galchenyuk is hit by Brandon Dubinsky and loses puck.
5:47 of 2nd period - Stefan Ruzicka is hit by Patrick Eaves and loses puck.
6:34 of 2nd period - Mike Cammalleri is hit by Erik Gudbranson and loses puck.
7:08 of 2nd period - Andrej Sekera is hit by Alex Galchenyuk and loses puck.
7:43 of 2nd period - Tyler Cuma is hit by Erik Gudbranson and loses puck.
8:56 of 2nd period - Snap shot by Kyle Wellwood.
8:56 of 2nd period - Shot Blocked by Dennis Wideman.
8:58 of 2nd period - Slapshot by Matt Irwin.
8:58 of 2nd period - Shot Blocked by Tyler Cuma.
9:00 of 2nd period - Wrist shot by Drew Stafford.
9:00 of 2nd period - Deflect By Linus Omark.
9:00 of 2nd period - Shot Misses the Net.
9:00 of 2nd period - Puck is out of play.
9:01 of 2nd period - Stephen Weiss wins face-off versus Brandon Dubinsky in Sharks zone.
10:02 of 2nd period - Wrist shot by David Booth.
10:02 of 2nd period - Shot Misses the Net.
10:22 of 2nd period - Snap shot by Stephen Weiss.
10:22 of 2nd period - Stopped by Ryan Miller without a rebound.
10:23 of 2nd period - Brandon Dubinsky wins face-off versus Matt Duchene in Sharks zone.
10:27 of 2nd period - Minor Penalty to Matt Duchene for High sticking.
10:28 of 2nd period - Travis Zajac wins face-off versus Jason Spezza in Panthers zone.
10:38 of 2nd period - Icing by Milan Michalek.
10:39 of 2nd period - Jason Spezza wins face-off versus Travis Zajac in Sharks zone.
10:44 of 2nd period - Chad Larose is hit by Drew Doughty and loses puck.
10:49 of 2nd period - Snap shot by Drew Doughty.
10:49 of 2nd period - Deflect By Martins Karsums.
10:49 of 2nd period - Shot Misses the Net.
10:49 of 2nd period - Puck is out of play.
10:50 of 2nd period - Travis Zajac wins face-off versus Jason Spezza in Panthers zone.
12:02 of 2nd period - Snap shot by Alex Galchenyuk.
12:02 of 2nd period - Goal by Alex Galchenyuk - Panthers : 3 - Sharks : 0.
12:03 of 2nd period - Jason Spezza wins face-off versus Travis Zajac in neutral zone.
12:08 of 2nd period - Slapshot by Drew Doughty.
12:08 of 2nd period - Stopped by Braden Holtby with a rebound.
12:10 of 2nd period - Snap shot by Drew Doughty.
12:10 of 2nd period - Deflect By Milan Michalek.
12:10 of 2nd period - Shot Blocked by Erik Gudbranson.
12:10 of 2nd period - Puck is out of play.
12:11 of 2nd period - Travis Zajac wins face-off versus Jason Spezza in Panthers zone.
12:11 of 2nd period - Travis Zajac is hit by Andrej Sekera.
12:21 of 2nd period - Snap shot by Jason Spezza.
12:21 of 2nd period - Shot Misses the Net.
12:27 of 2nd period - Penalty to Matt Duchene is over, Matt Duchene is back on ice.
12:31 of 2nd period - Snap shot by Jason Spezza.
12:31 of 2nd period - Shot Blocked by Travis Zajac.
12:33 of 2nd period - Slapshot by Drew Doughty.
12:33 of 2nd period - Deflect By Matt Duchene.
12:33 of 2nd period - Stopped by Braden Holtby with a rebound.
12:35 of 2nd period - Snap shot by Jason Spezza.
12:35 of 2nd period - Deflect By Milan Michalek.
12:35 of 2nd period - Shot Misses the Net.
12:35 of 2nd period - Puck is out of play.
12:36 of 2nd period - Matt Duchene wins face-off versus T.J. Hensick in Panthers zone.
13:02 of 2nd period - Marek Svatos is hit by Milan Michalek and loses puck.
13:13 of 2nd period - Slapshot by Matt Duchene.
13:13 of 2nd period - Stopped by Ryan Miller with a rebound.
13:55 of 2nd period - Drew Stafford is hit by T.J. Hensick and loses puck.
14:40 of 2nd period - Stephen Weiss is hit by Tyler Cuma and loses puck.
15:16 of 2nd period - Drew Doughty is hit by Taylor Chorney and loses puck.
16:28 of 2nd period - Chad Larose is hit by Mike Cammalleri and loses puck.
16:54 of 2nd period - Kyle Wellwood is hit by Dennis Wideman.
18:12 of 2nd period - Slapshot by Zach Boychuk.
18:12 of 2nd period - Shot Misses the Net.
0:00 of 3rd period - Minor Penalty to Matt Duchene for Cross-checking.
Goals for this period are 1 for Panthers vs 0 for Sharks.
Shots for this period are 4 for Panthers vs 3 for Sharks.

3rd period


0:01 of 3rd period - Jason Spezza wins face-off versus Travis Zajac in neutral zone.
0:04 of 3rd period - Wrist shot by Drew Doughty.
0:04 of 3rd period - Deflect By Martins Karsums.
0:04 of 3rd period - Stopped by Braden Holtby with a rebound.
0:06 of 3rd period - Slapshot by Martins Karsums.
0:06 of 3rd period - Shot Blocked by Erik Gudbranson.
0:12 of 3rd period - Snap shot by Drew Doughty.
0:12 of 3rd period - Shot Misses the Net.
0:32 of 3rd period - Snap shot by Martins Karsums.
0:32 of 3rd period - Stopped by Braden Holtby with a rebound.
0:34 of 3rd period - Wrist shot by Drew Doughty.
0:34 of 3rd period - Shot Misses the Net.
0:36 of 3rd period - Snap shot by Jason Spezza.
0:36 of 3rd period - Shot Blocked by Travis Zajac.
0:38 of 3rd period - Wrist shot by Milan Michalek.
0:38 of 3rd period - Shot Misses the Net.
0:50 of 3rd period - Snap shot by Milan Michalek.
0:50 of 3rd period - Stopped by Braden Holtby without a rebound.
0:51 of 3rd period - Kyle Wellwood wins face-off versus T.J. Hensick in Panthers zone.
0:57 of 3rd period - Off-side.
0:58 of 3rd period - Kyle Wellwood wins face-off versus T.J. Hensick in neutral zone.
1:07 of 3rd period - Snap shot by T.J. Hensick.
1:07 of 3rd period - Shot Blocked by Kyle Wellwood.
1:09 of 3rd period - Wrist shot by Dennis Wideman.
1:09 of 3rd period - Deflect By Jonathan Sigalet.
1:09 of 3rd period - Stopped by Braden Holtby with a rebound.
1:11 of 3rd period - Snap shot by Dennis Wideman.
1:11 of 3rd period - Stopped by Braden Holtby with a rebound.
1:13 of 3rd period - Wrist shot by Mike Cammalleri.
1:13 of 3rd period - Shot Misses the Net.
2:00 of 3rd period - Penalty to Matt Duchene is over, Matt Duchene is back on ice.
2:09 of 3rd period - Slapshot by Oskar Osala.
2:09 of 3rd period - Shot Misses the Net.
2:40 of 3rd period - Snap shot by Drew Stafford.
2:40 of 3rd period - Shot Blocked by Adam Larsson.
2:42 of 3rd period - Slapshot by Matt Irwin.
2:42 of 3rd period - Goal by Matt Irwin - Panthers : 4 - Sharks : 0.
2:42 of 3rd period - Anders Nilsson enters game.
2:43 of 3rd period - Jason Spezza wins face-off versus Matt Duchene in neutral zone.
2:49 of 3rd period - Icing by Jonathan Sigalet.
2:50 of 3rd period - Matt Duchene wins face-off versus Jason Spezza in Panthers zone.
2:50 of 3rd period - Matt Duchene is hit by Milan Michalek.
3:00 of 3rd period - Snap shot by Martins Karsums.
3:00 of 3rd period - Stopped by Braden Holtby with a rebound.
3:05 of 3rd period - Off-side.
3:06 of 3rd period - T.J. Hensick wins face-off versus Travis Zajac in neutral zone.
3:09 of 3rd period - Snap shot by Andrej Sekera.
3:09 of 3rd period - Stopped by Braden Holtby with a rebound.
3:15 of 3rd period - Slapshot by T.J. Hensick.
3:15 of 3rd period - Goal by T.J. Hensick - Panthers : 4 - Sharks : 1.
3:16 of 3rd period - Jason Spezza wins face-off versus Matt Duchene in neutral zone.
3:31 of 3rd period - Slapshot by Drew Doughty.
3:31 of 3rd period - Shot Blocked by Marek Svatos.
3:43 of 3rd period - Mike Cammalleri is hit by David Booth and loses puck.
3:50 of 3rd period - Chad Larose is hit by Tyler Cuma.
4:11 of 3rd period - Minor Penalty to Stephen Weiss for Hooking.
4:12 of 3rd period - Travis Zajac wins face-off versus Jason Spezza in Panthers zone.
4:47 of 3rd period - Snap shot by Tyler Cuma.
4:47 of 3rd period - Shot Blocked by Travis Zajac.
5:41 of 3rd period - Matt Duchene is hit by Dennis Wideman and loses puck.
6:11 of 3rd period - Penalty to Stephen Weiss is over, Stephen Weiss is back on ice.
6:20 of 3rd period - Snap shot by Brandon Dubinsky.
6:20 of 3rd period - Shot Misses the Net.
6:22 of 3rd period - Wrist shot by Tyler Cuma.
6:22 of 3rd period - Shot Misses the Net.
6:35 of 3rd period - Off-side.
6:36 of 3rd period - Matt Duchene wins face-off versus Jason Spezza in neutral zone.
6:41 of 3rd period - Slapshot by Marek Svatos.
6:41 of 3rd period - Stopped by Anders Nilsson without a rebound.
6:42 of 3rd period - Matt Duchene wins face-off versus Jason Spezza in Sharks zone.
6:51 of 3rd period - Wrist shot by Alex Galchenyuk.
6:51 of 3rd period - Shot Misses the Net.
6:53 of 3rd period - Wrist shot by Matt Duchene.
6:53 of 3rd period - Shot Misses the Net.
6:59 of 3rd period - Wrist shot by Alex Galchenyuk.
6:59 of 3rd period - Stopped by Anders Nilsson with a rebound.
7:28 of 3rd period - Backhand shot by Nikolai Kulemin.
7:28 of 3rd period - Shot Misses the Net.
7:44 of 3rd period - David Booth is hit by Jason Spezza and loses puck.
8:04 of 3rd period - Snap shot by Chad Larose.
8:04 of 3rd period - Shot Blocked by Nikolai Kulemin.
8:06 of 3rd period - Wrist shot by Matt Irwin.
8:06 of 3rd period - Shot Blocked by Nikolai Kulemin.
8:08 of 3rd period - Slapshot by Steve Montador.
8:08 of 3rd period - Shot Misses the Net.
8:10 of 3rd period - Snap shot by David Booth.
8:10 of 3rd period - Deflect By Tyler Cuma.
8:10 of 3rd period - Stopped by Anders Nilsson with a rebound.
8:12 of 3rd period - Slapshot by Matt Irwin.
8:12 of 3rd period - Shot Misses the Net.
8:14 of 3rd period - Slapshot by Matt Irwin.
8:14 of 3rd period - Stopped by Anders Nilsson with a rebound.
8:16 of 3rd period - Slapshot by Steve Montador.
8:16 of 3rd period - Stopped by Anders Nilsson without a rebound.
8:17 of 3rd period - T.J. Hensick wins face-off versus Marek Svatos in Sharks zone.
8:52 of 3rd period - Snap shot by Stephen Weiss.
8:52 of 3rd period - Shot Misses the Net.
8:54 of 3rd period - Slapshot by Stephen Weiss.
8:54 of 3rd period - Stopped by Anders Nilsson with a rebound.
9:04 of 3rd period - Snap shot by Bobby Butler.
9:04 of 3rd period - Stopped by Braden Holtby without a rebound.
9:05 of 3rd period - T.J. Hensick wins face-off versus Patrick Eaves in Panthers zone.
9:18 of 3rd period - Snap shot by Erik Gudbranson.
9:18 of 3rd period - Stopped by Anders Nilsson with a rebound.
9:34 of 3rd period - Wrist shot by Brandon Dubinsky.
9:34 of 3rd period - Stopped by Braden Holtby with a rebound.
9:42 of 3rd period - Snap shot by Brandon Dubinsky.
9:42 of 3rd period - Stopped by Braden Holtby with a rebound.
12:07 of 3rd period - Snap shot by Linus Omark.
12:07 of 3rd period - Stopped by Anders Nilsson with a rebound.
12:47 of 3rd period - Minor Penalty to Drew Stafford for Hooking.
12:48 of 3rd period - Travis Zajac wins face-off versus T.J. Hensick in Panthers zone.
13:42 of 3rd period - Slapshot by Andrej Sekera.
13:42 of 3rd period - Shot Misses the Net.
13:44 of 3rd period - Snap shot by Mike Cammalleri.
13:44 of 3rd period - Stopped by Braden Holtby without a rebound.
13:45 of 3rd period - Kyle Wellwood wins face-off versus T.J. Hensick in Panthers zone.
13:53 of 3rd period - Off-side.
13:54 of 3rd period - Travis Zajac wins face-off versus Jason Spezza in neutral zone.
13:59 of 3rd period - Slapshot by Taylor Chorney.
13:59 of 3rd period - Shot Blocked by Tyler Cuma.
14:07 of 3rd period - Slapshot by Dennis Wideman.
14:07 of 3rd period - Stopped by Braden Holtby without a rebound.
14:08 of 3rd period - Jason Spezza wins face-off versus Travis Zajac in Panthers zone.
14:19 of 3rd period - Snap shot by Milan Michalek.
14:19 of 3rd period - Stopped by Braden Holtby without a rebound.
14:20 of 3rd period - Travis Zajac wins face-off versus Jason Spezza in Panthers zone.
14:47 of 3rd period - Penalty to Drew Stafford is over, Drew Stafford is back on ice.
15:16 of 3rd period - Snap shot by Linus Omark.
15:16 of 3rd period - Stopped by Anders Nilsson with a rebound.
15:20 of 3rd period - Snap shot by Stephen Weiss.
15:20 of 3rd period - Deflect By Drew Stafford.
15:20 of 3rd period - Shot Misses the Net.
15:20 of 3rd period - Puck is out of play.
15:21 of 3rd period - Matt Duchene wins face-off versus T.J. Hensick in Sharks zone.
15:22 of 3rd period - Slapshot by Marek Svatos.
15:22 of 3rd period - Shot Blocked by Andrej Sekera.
15:24 of 3rd period - Minor Penalty to T.J. Hensick for Slashing.
15:25 of 3rd period - Matt Duchene wins face-off versus Jason Spezza in Sharks zone.
15:40 of 3rd period - Slapshot by Alex Galchenyuk.
15:40 of 3rd period - Goal by Alex Galchenyuk - Panthers : 5 - Sharks : 1.
15:41 of 3rd period - Matt Duchene wins face-off versus Jason Spezza in neutral zone.
15:44 of 3rd period - Wrist shot by Jonathan Sigalet.
15:44 of 3rd period - Stopped by Anders Nilsson without a rebound.
15:45 of 3rd period - Jason Spezza wins face-off versus Matt Duchene in Sharks zone.
15:58 of 3rd period - Slapshot by Andrej Sekera.
15:58 of 3rd period - Deflect By Martins Karsums.
15:58 of 3rd period - Stopped by Braden Holtby without a rebound.
15:59 of 3rd period - Jason Spezza wins face-off versus Matt Duchene in Panthers zone.
16:16 of 3rd period - Snap shot by Alex Galchenyuk.
16:16 of 3rd period - Shot Misses the Net.
16:22 of 3rd period - Minor Penalty to Martins Karsums for Hooking.
16:23 of 3rd period - Matt Duchene wins face-off versus Jason Spezza in Sharks zone.
16:58 of 3rd period - Wrist shot by David Booth.
16:58 of 3rd period - Stopped by Anders Nilsson without a rebound.
16:59 of 3rd period - Jason Spezza wins face-off versus Matt Duchene in Sharks zone.
17:26 of 3rd period - David Booth is hit by Mike Cammalleri and loses puck.
18:22 of 3rd period - Penalty to Martins Karsums is over, Martins Karsums is back on ice.
18:32 of 3rd period - Off-side.
18:33 of 3rd period - Kyle Wellwood wins face-off versus T.J. Hensick in neutral zone.
18:52 of 3rd period - Kyle Wellwood is hit by Drew Doughty and loses puck.
18:59 of 3rd period - Stefan Ruzicka is hit by Steve Montador and loses puck.
19:16 of 3rd period - Snap shot by Patrick Eaves.
19:16 of 3rd period - Stopped by Anders Nilsson without a rebound.
19:17 of 3rd period - Jason Spezza wins face-off versus Alex Galchenyuk in Sharks zone.
19:17 of 3rd period - Jason Spezza is hit by Matt Duchene.
19:22 of 3rd period - Off-side.
19:23 of 3rd period - Matt Duchene wins face-off versus Jason Spezza in neutral zone.
19:32 of 3rd period - Snap shot by Matt Duchene.
19:32 of 3rd period - Stopped by Anders Nilsson without a rebound.
19:33 of 3rd period - Jason Spezza wins face-off versus Matt Duchene in Sharks zone.
19:33 of 3rd period - Jason Spezza is hit by Marek Svatos.
Goals for this period are 2 for Panthers vs 1 for Sharks.
Shots for this period are 15 for Panthers vs 15 for Sharks.